Map: Blueshift LE

Players

Crow

  • Race: Zerg Zerg
  • Spawn Location: 1:00

JonSnow - Winner!

  • Race: Zerg Zerg
  • Spawn Location: 7:00

Event: WCS Montreal 2018

VOD

Have the link to the VOD?

Description

Time

  • Played on: Sept. 7, 2018, 5:03 p.m.
  • Length: 16:24

All games in this series

Show
View Real Time Build Order
Export as new Build Order

Crow Zerg 

Build Orders: Hatch First, Muta Ling Bane 

Get SALT Encoding   

  12  0:00  Drone  
  13  0:12  Overlord  
  13  0:17  Drone  
  14  0:31  Drone x2  
  16  0:49  Hatchery  
  15  0:51  Drone  
  15  0:54  Drone  
  17  0:58  Drone  
  18  1:09  Extractor  
  17  1:13  Spawning Pool  
  17  1:18  Drone  
  17  1:19  Drone  
  18  1:28  Drone  
  19  1:40  Drone  
  20  1:49  Overlord  
  20  2:00  Queen x2  
  24  2:01  Zergling x4  
  26  2:10  Metabolic Boost  
  26  2:14  Drone x2  
  28  2:21  Zergling x2  
  29  2:28  Zergling x2  
  28  2:35  Zergling x4  
  29  2:51  Drone  
  29  2:54  Drone  
  30  3:00  Baneling Nest  
  30  3:03  Hatchery, Drone  
  29  3:11  Overlord  
  28  3:14  Evolution Chamber  
  28  3:21  Drone  
  28  3:22  Baneling Nest, Drone  
  29  3:28  Drone  
  29  3:29  Drone  
  29  3:31  Drone  
  32  3:35  Zergling x2  
  32  3:38  Zergling x2  
  34  3:46  Zerg Ground Armor Level 1  
  34  3:53  Drone, Evolution Chamber  
  34  3:55  Drone  
  34  3:59  Drone x3  
  39  4:04  Overlord  
  39  4:08  Drone  
  40  4:12  Zergling x4  
  42  4:18  Overlord  
  42  4:20  Zergling x4  
  43  4:24  Zerg Melee Weapons Level 1  
  43  4:30  Queen  
  44  4:32  Drone  
  44  4:34  Drone  
  44  4:37  Drone  
  44  4:38  Drone  
  48  4:43  Lair  
  48  4:45  Zergling x2  
  49  4:49  Zergling x4  
  49  4:51  Zergling x2  
  52  4:54  Zergling x2  
  52  4:58  Zergling x6  
  56  5:05  Overlord, Zergling x2  
  56  5:06  Drone, Zergling x2  
  59  5:10  Overlord  
  59  5:14  Zergling x4  
  59  5:17  Zergling x4  
  63  5:22  Overlord  
  63  5:23  Zergling x4  
  63  5:25  Zergling x2  
  66  5:33  Zergling x8  
  70  5:43  Overlord, Drone  
  70  5:44  Drone x3  
  70  5:46  Extractor  
  70  5:47  Extractor  
  70  5:48  Drone  
  73  5:52  Overlord  
  73  5:56  Drone  
  74  5:57  Spire  
  74  5:58  Drone  
  74  6:00  Drone  
  75  6:06  Drone x3  
  78  6:12  Zergling x10  
  78  6:13  Unknown x2  
  78  6:17  Zergling x6  
  86  6:24  Zergling x4  
  86  6:25  Zergling x2  
  89  6:27  Overlord  
  89  6:28  Zergling x2  
  89  6:29  Zergling x2  
  89  6:30  Drone  
  92  6:33  Extractor  
  92  6:39  Overlord  
  90  6:40  Zergling x4  
  90  6:41  Zergling x6  
  95  6:49  Unknown  
  95  6:56  Overlord  
  93  7:09  Zergling x4  
  93  7:10  Zergling x4  
  93  7:11  Mutalisk x4  
  105  7:16  Zergling x8  
  105  7:19  Mutalisk  
  111  7:31  Mutalisk  
  111  7:34  Drone x5  
  111  7:35  Drone x4  
  111  7:37  Zerg Flyer Weapons Level 1  
  122  7:43  Mutalisk  
  124  7:45  Overlord  
  124  7:50  Overlord x2  
  123  7:54  Mutalisk  
  125  8:07  Mutalisk, Extractor  
  125  8:09  Drone x8  
  125  8:12  Extractor  
  104  8:27  Mutalisk, Zergling x10  
  104  8:33  Mutalisk x2  
  105  8:35  Zergling x8  
  100  8:41  Mutalisk  
  100  8:46  Zergling x2  
  100  8:47  Zergling x4  
  100  8:50  Mutalisk  
  100  8:53  Mutalisk  
  104  8:57  Baneling Nest  
  104  8:59  Zergling x4  
  104  9:00  Zergling x2  
  106  9:03  Mutalisk  
  106  9:07  Hatchery  
  106  9:08  Zergling x12  
  113  9:14  Zergling x2  
  113  9:15  Zergling x2  
  115  9:21  Mutalisk x3  
  115  9:22  Zergling x4  
  119  9:30  Zergling x4  
  119  9:32  Overlord  
  119  9:33  Overseer  
  119  9:37  Mutalisk x2  
  119  9:38  Zergling x2  
  124  9:41  Mutalisk  
  124  9:42  Zergling x2  
  126  9:49  Mutalisk  
  126  9:50  Zergling x6  
  126  9:52  Overlord  
  131  9:57  Centrifical Hooks  
  131  9:58  Drone x2  
  133  10:05  Drone x3  
  133  10:06  Overlord  
  136  10:08  Zergling x4  
  136  10:09  Zergling x6  
  141  10:14  Mutalisk, Burrow  
  141  10:15  Zergling x2  
  141  10:20  Mutalisk, Zergling x2  
  141  10:21  Zergling x2  
  148  10:26  Zergling x6  
  151  10:33  Zergling x6  
  154  10:35  Zerg Flyer Weapons Level 2  
  154  10:39  Zergling x2  
  154  10:40  Zergling x6  
  158  10:44  Zergling x2  
  158  10:45  Zergling x6  
  158  10:48  Overlord  
  161  10:51  Mutalisk x2  
  161  10:54  Mutalisk  
  166  10:59  Zerg Melee Weapons Level 2  
  166  11:05  Mutalisk x2  
  166  11:06  Zergling x6  
  173  11:13  Zergling x2  
  173  11:14  Zergling x10  
  177  11:20  Baneling  
  177  11:21  Baneling x8  
  177  11:22  Zergling x6  
  180  11:27  Zergling x6  
  180  11:28  Zergling x2  
  184  11:33  Overlord  
  184  11:39  Mutalisk x3  
  190  11:48  Zergling x4  
  192  11:57  Overlord  
  192  11:59  Infestation Pit  
  192  12:00  Mutalisk x2  
  195  12:03  Mutalisk  
  197  12:10  Mutalisk  
  197  12:13  Zergling x2  
  200  12:25  Baneling  
  200  12:26  Baneling x10  
  198  12:31  Hatchery, Zergling x6  
  200  12:39  Baneling  
  200  12:40  Baneling x8  
  199  12:55  Hatchery  
  199  12:56  Baneling  
  199  12:57  Baneling x10  
  199  12:58  Baneling  
  198  13:03  Overseer  
  198  13:10  Baneling x5  
  198  13:15  Zergling x4  
  198  13:19  Baneling x2  
  199  13:20  Baneling x10  
  199  13:28  Baneling x5  
  199  13:29  Baneling  
  199  13:33  Extractor  
  198  13:34  Extractor  
  197  13:43  Hive  
  194  13:51  Drone x4  
  194  13:53  Drone x2  
  200  14:00  Pneumatized Carapace  
  200  14:09  Zerg Flyer Armor Level 1  
  199  14:14  Overseer x2  
  199  14:30  Overseer  
  199  14:38  Drone x2  
  198  14:57  Zergling x8  
  198  14:58  Zergling x34  
  197  15:11  Viper x2  
  194  15:14  Baneling x11  
  194  15:15  Baneling x4  
  194  15:17  Baneling x4  
  194  15:27  Baneling x17  
  194  15:33  Zergling x20  
  192  15:44  Zergling x4  
  192  15:45  Zergling x16  
  192  15:46  Unknown x3  
  194  15:51  Unknown x2  
  192  15:59  Zergling x2  
  192  16:00  Zergling x20  
  193  16:09  Hatchery  
Show
View Real Time Build Order
Export as new Build Order

JonSnow Zerg - Winner!

Build Orders: Pool First, Lurkers 

Get SALT Encoding   

  12  0:01  Drone  
  13  0:12  Overlord  
  13  0:17  Drone  
  14  0:31  Drone x2  
  16  0:41  Spawning Pool  
  15  0:44  Drone  
  15  0:48  Drone  
  17  1:10  Hatchery  
  16  1:12  Drone  
  17  1:28  Extractor, Zergling x4  
  17  1:29  Zergling x2  
  17  1:32  Queen  
  21  1:39  Overlord  
  21  2:01  Drone x2  
  21  2:07  Queen  
  25  2:13  Drone  
  25  2:30  Drone x2  
  25  2:33  Queen  
  25  2:34  Overlord  
  30  2:37  Drone  
  30  2:47  Drone x4  
  32  2:54  Drone x2  
  34  3:05  Drone x2  
  36  3:07  Spine Crawler  
  36  3:08  Queen  
  37  3:18  Drone x2  
  39  3:24  Drone x2  
  39  3:25  Drone  
  39  3:26  Drone  
  43  3:29  Lair  
  43  3:35  Evolution Chamber  
  43  3:38  Roach Warren  
  41  3:44  Evolution Chamber  
  41  3:47  Drone x3  
  43  3:49  Drone  
  43  3:53  Overlord  
  44  3:56  Extractor  
  44  3:57  Extractor  
  44  3:58  Drone x2  
  44  4:02  Zerg Missile Weapons Level 1  
  44  4:11  Drone  
  44  4:12  Drone x2  
  44  4:15  Overlord  
  47  4:27  Glial Reconstitution  
  47  4:29  Roach x3  
  47  4:30  Overseer  
  51  4:36  Overlord x2  
  51  4:38  Drone x2, Roach  
  53  4:44  Drone x2  
  57  4:54  Roach  
  57  4:55  Roach  
  61  5:04  Roach x2  
  61  5:05  Roach x2  
  69  5:10  Roach  
  71  5:15  Hatchery  
  71  5:16  Roach x3  
  76  5:23  Overlord  
  76  5:27  Zerg Ground Armor Level 1  
  76  5:31  Overlord  
  76  5:32  Overlord  
  76  5:36  Overlord  
  76  5:46  Drone x2  
  76  5:47  Extractor, Drone  
  76  5:48  Overlord  
  76  5:49  Roach  
  82  5:50  Roach  
  82  5:58  Zerg Missile Weapons Level 2, Roach x2  
  82  6:00  Drone x3  
  89  6:05  Roach x2  
  89  6:06  Roach  
  89  6:09  Queen  
  97  6:17  Roach x2  
  101  6:25  Roach x2  
  105  6:26  Overseer  
  105  6:31  Roach  
  105  6:32  Overlord x2  
  107  6:42  Overlord  
  107  6:49  Queen  
  107  6:52  Roach x6  
  121  6:55  Queen  
  121  7:00  Roach x2  
  121  7:01  Roach  
  129  7:09  Hydralisk Den  
  128  7:18  Spore Crawler  
  127  7:24  Spore Crawler  
  127  7:26  Zerg Ground Armor Level 2  
  127  7:27  Hatchery  
  125  7:39  Spore Crawler  
  125  7:43  Overlord  
  124  7:45  Spore Crawler  
  124  7:46  Drone  
  124  8:06  Overlord  
  124  8:10  Queen  
  124  8:11  Queen  
  124  8:19  Hydralisk x6  
  122  8:27  Hydralisk  
  110  8:35  Drone x4  
  110  8:36  Drone  
  113  8:41  Drone  
  113  8:45  Drone  
  113  8:51  Drone  
  113  8:54  Drone  
  115  8:58  Drone  
  116  9:07  Drone x3  
  119  9:12  Drone x2  
  119  9:17  Drone x2  
  120  9:27  Overlord x2  
  120  9:30  Spore Crawler  
  119  9:46  Overlord  
  119  9:53  Queen x2  
  119  9:57  Hydralisk Den, Roach x5  
  132  10:02  Extractor, Drone  
  132  10:03  Drone x3  
  135  10:08  Drone  
  135  10:09  Drone x2  
  135  10:12  Overlord  
  138  10:17  Overlord  
  138  10:20  Drone x2  
  140  10:31  Grooved Spines  
  140  10:32  Extractor  
  140  10:33  Hydralisk x3  
  140  10:34  Hydralisk  
  145  10:49  Overlord x2  
  143  10:53  Drone x3  
  143  10:54  Lurker Den  
  143  10:57  Hydralisk x3  
  141  11:03  Drone  
  148  11:06  Drone x3  
  147  11:21  Queen x2  
  147  11:24  Overlord x2  
  151  11:27  Zergling x2  
  152  11:34  Hydralisk x4  
  152  11:37  Spore Crawler  
  159  11:43  Hydralisk x2  
  162  11:55  Overlord  
  162  11:56  Drone x3  
  162  11:59  Drone  
  166  12:01  Hydralisk x3  
  172  12:10  Muscular Augments  
  168  12:24  Lurker x3  
  168  12:25  Hydralisk  
  168  12:26  Hydralisk x5  
  183  12:33  Overseer  
  183  12:34  Overseer  
  183  12:40  Lurker x3  
  183  12:41  Hydralisk x2  
  190  12:46  Hydralisk  
  188  12:57  Hydralisk  
  188  12:58  Hydralisk x2  
  192  13:08  Hatchery  
  192  13:10  Lurker  
  192  13:11  Overlord  
  192  13:15  Hydralisk x3  
  192  13:16  Extractor  
  197  13:26  Hydralisk  
  199  13:59  Lurker  
  200  14:19  Spore Crawler  
  200  14:20  Spore Crawler  
  200  14:21  Spore Crawler  
  200  14:22  Spore Crawler, Lurker  
  200  14:23  Lurker x3  
  200  14:55  Hydralisk x4  
  199  15:19  Infestation Pit  
  198  15:32  Overseer  
  193  15:43  Hydralisk x5  
  197  15:59  Hydralisk  
Tags
 
Add a new tag
Caveats
  • Supply blocks, unpowered buildings, or Contaminate may cause inaccurate times.
  • Supply counts are checked every 10 seconds.